 Dungeon Crawl Stone Soup version 0.20-a0-772-g73021bd (webtiles) character file.

275 polly the Ruffian (level 6, -6/46 HPs)
             Began as a Demonspawn Gladiator on Feb 26, 2017.
             Mangled by Duvessa
             ... wielding a +3 short sword of protection
              (8 damage)
             ... on level 4 of the Dungeon.
             The game lasted 00:05:30 (3385 turns).

polly the Ruffian (Demonspawn Gladiator)            Turns: 3385, Time: 00:05:31

Health: -6/46      AC: 10    Str: 16      XL:     6   Next: 3%
Magic:  6/6        EV:  8    Int:  9 (10) God:
Gold:   211        SH:  0    Dex: 14      Spells: 5/5 levels left

rFire    . . .     SeeInvis .     - Unarmed
rCold    + . .     Gourm    +   n - +0 chain mail (curse)
rNeg     . . .     Faith    .   (no shield)
rPois    .         Spirit   .   c - +0 helmet
rElec    .         Reflect  .   (no cloak)
rCorr    .         Harm     .   (no gloves)
MR       .....                  o - +0 pair of boots
Stlth    ..........             j - amulet of the gourmand
Regen    0.2/turn               (no ring)
MPRegen  0.1/turn               (no ring)

@: no status effects
A: claws 1, cold resistance 1, demonic guardian 1, deterioration 1
a: no special abilities


You were on level 4 of the Dungeon.
You were very hungry.

You visited 1 branch of the dungeon, and saw 4 of its levels.

You collected 211 gold pieces.

Inventory:

Missiles
 s - 3 javelins (quivered)
Armour
 c - a +0 helmet (worn)
 n - a cursed +0 chain mail (worn)
 o - a +0 pair of boots (worn)
Jewellery
 j - an amulet of the gourmand (around neck)
 w - an uncursed amulet of guardian spirit {unknown}
Scrolls
 a - a scroll of random uselessness {unknown}
 b - a scroll of remove curse {unknown}
 e - a scroll of noise {unknown}
 g - 3 scrolls of enchant armour {unknown}
 k - 3 scrolls of identify {unknown}
 l - a scroll of recharging {unknown}
Potions
 h - a potion of brilliance
 i - a potion of agility {unknown}
 p - 2 potions of ambrosia {unknown}
 q - a potion of lignification {unknown}
 r - 2 potions of heal wounds {unknown}
 t - a potion of berserk rage {unknown}
Comestibles
 f - a bread ration
 m - a fruit
 v - 2 chunks of flesh


   Skills:
 + Level 2.6 Fighting
   Level 2.9 Long Blades
 + Level 1.9 Throwing
 + Level 1.5 Armour
 + Level 3.3 Dodging
 + Level 0.4 Stealth
 * Level 3.9 Unarmed Combat


You had 5 spell levels left.
You didn't know any spells.

Dungeon Overview and Level Annotations

Branches:
Dungeon (4/15)
 Temple: D:4-7

Altars:
Nemelex Xobeh
Qazlal

Annotations:
D:4 Duvessa; rageheart7's ghost, amateur DsTm


Innate Abilities, Weirdness & Mutations

You have sharp fingernails.
A weak demonic guardian rushes to your aid.
Your flesh is cold resistant. (rC+)
Your body sometimes deteriorates upon taking damage.


Message History

Your quasit bites Duvessa but does no damage.
Your quasit barely misses Duvessa.
Your quasit completely misses Duvessa.
Duvessa closely misses your quasit.
You scratch Duvessa but do no damage.
Duvessa is almost dead.
Your quasit bites Duvessa but does no damage.
Your quasit closely misses Duvessa.
Your quasit claws Duvessa but does no damage.
Duvessa completely misses your quasit.
Your quasit bites Duvessa but does no damage.
Your quasit claws Duvessa.
Your quasit claws Duvessa but does no damage.
You catch the helpless Duvessa completely off-guard!
You scratch Duvessa but do no damage.
Duvessa is almost dead.
Duvessa hits you with a short sword of protection.
* * * LOW HITPOINT WARNING * * *
Your body deteriorates!
You feel dopey.
Duvessa hits you with a short sword of protection!
You die...

#.#?# ## #####.#.# #!
#### ##.(.....#####.
....#######..............
....................# #.
...)..####.........####
#(....#.............
#.e..........###....
#.5@.........# ####.
####.##......# #####
#...............#
#####....#### #.# #......
##.. #......###...
##.#......... ..... ....#


You could see Duvessa (berserk) and a friendly quasit.

Vanquished Creatures
  2 orc wizards
  Natasha (D:4)
  A worker ant (D:4)
  6 adders
  An ooze (D:1)
  An adder skeleton (D:4)
  3 worms (D:3)
  2 dart slugs
  4 leopard geckos
  6 orcs (D:3)
  5 bats
  4 giant cockroaches
  6 goblins
  5 hobgoblins
  2 jackals (D:3)
  A quokka (D:2)
  5 frilled lizards
  9 kobolds
  9 rats
73 creatures vanquished.

Vanquished Creatures (collateral kills)
  Dowan (D:4)
  2 jackals (D:4)
3 creatures vanquished.

Grand Total: 76 creatures vanquished

Notes
Turn   | Place    | Note
-------+----------+-------------------------------------------
     0 | D:1      | polly the Demonspawn Gladiator began the quest for the Orb.
     0 | D:1      | Reached XP level 1. HP: 16/16 MP: 1/1
   109 | D:1      | Gained mutation: You have sharp fingernails. [demonic ancestry]
   109 | D:1      | Reached XP level 2. HP: 13/22 MP: 2/2
   961 | D:2      | Reached XP level 3. HP: 20/27 MP: 3/3
  1069 | D:2      | Gained mutation: Your body sometimes deteriorates upon taking damage. [potion of mutation]
  1069 | D:2      | Gained mutation: Your flesh is cold resistant. (rC+) [potion of mutation]
  1076 | D:2      | Found a stormy altar of Qazlal.
  1327 | D:2      | Reached skill level 1 in Unarmed Combat
  1677 | D:2      | Found a sparkling altar of Nemelex Xobeh.
  1895 | D:3      | Reached XP level 4. HP: 27/34 MP: 4/4
  2457 | D:3      | Reached skill level 1 in Armour
  2941 | D:4      | Noticed rageheart7's ghost (amateur DsTm)
  2948 | D:4      | Gained mutation: A weak demonic guardian rushes to your aid. [demonic ancestry]
  2948 | D:4      | Reached XP level 5. HP: 39/39 MP: 5/5
  3003 | D:4      | Noticed Natasha
  3249 | D:4      | Killed Natasha
  3361 | D:4      | Noticed Dowan
  3362 | D:4      | Noticed Duvessa
  3374 | D:4      | Killed Dowan
  3374 | D:4      | Reached XP level 6. HP: 28/46 MP: 6/6
  3380 | D:4      | HP: 1/46 [Duvessa/short sword of protection (10)]
  3385 | D:4      | HP: 2/46 [Duvessa/short sword of protection (6)]
  3385 | D:4      | Mangled by Duvessa

Vault maps used:
D:1:      mrwooster_arrival_arrow
D:2:      old_standard_altar, marbit_many_paths
D:3:      nrook_uturn
D:4:      portal_sewer_entry_c, uniq_duvessa, uniq_natasha

Skill      XL: |  1  2  3  4  5 |
---------------+----------------+-----
Dodging        | 3 |  3.3
Unarmed Combat | 1 2 3 |  3.9
Armour         | 1 |  1.5
Fighting       | |  2.6
Long Blades    | |  2.9
Throwing       | |  1.9
Stealth        | |  0.4

Action                   |  1- 3 |  4- 6 || total
-------------------------+-------+-------++-------
Melee: Long sword        |    16 |       ||    16
       Unarmed           |   181 |   180 ||   361
       Punch             |       |     1 ||     1
Throw: Throwing net      |     3 |     6 ||     9
       Javelin           |       |     2 ||     2
  Use: Potion            |     4 |     1 ||     5
 Stab: Distracted        |       |     1 ||     1
  Eat: Chunk             |     3 |     4 ||     7
Armor: Leather armour    |    36 |       ||    36
       Chain mail        |    73 |   118 ||   191
Dodge: Dodged            |   144 |    66 ||   210
       Rpst.: Long sword |     2 |       ||     2
